Map: Shrines of Lizul

Players

Antigonus

  • Race: Zerg Zerg
  • Spawn Location: 12:00

AdemStiner

  • Race: Zerg Zerg
  • Spawn Location: 3:00

OpuS - Winner!

  • Race: Protoss Protoss
  • League: Platinum
  • Spawn Location: 6:00

Sketchaphone - Winner!

  • Race: Zerg Zerg
  • League: Platinum
  • Spawn Location: 9:00

VOD

Have the link to the VOD?

Description

Time

  • Played on: Feb. 20, 2019, 10:07 p.m.
  • Length: 10:31
Show
View Real Time Build Order
Export as new Build Order

Antigonus Zerg 

Build Orders: Hatch First, Muta Ling Bane 

Get SALT Encoding   

  12  0:01  Drone  
  13  0:13  Overlord  
  13  0:18  Drone  
  14  0:31  Drone x2  
  16  0:38  Drone  
  17  0:46  Drone  
  18  1:02  Drone  
  19  1:05  Hatchery  
  18  1:14  Drone, Extractor  
  18  1:21  Drone  
  19  1:26  Spawning Pool  
  18  1:37  Drone  
  19  1:42  Drone  
  20  1:49  Overlord  
  20  2:14  Queen  
  22  2:17  Spine Crawler  
  22  2:20  Zergling x6  
  22  2:22  Queen  
  26  2:24  Metabolic Boost  
  26  2:28  Drone  
  27  2:31  Drone  
  28  2:48  Drone x3  
  28  2:50  Spine Crawler  
  30  2:57  Queen  
  32  3:05  Drone x2  
  34  3:25  Zergling x2  
  34  3:26  Zergling x2  
  36  3:40  Overlord x2  
  36  3:57  Queen x2  
  37  4:07  Baneling Nest  
  37  4:08  Overlord  
  34  4:18  Zergling x2  
  34  4:19  Zergling x22  
  46  4:32  Drone x2  
  48  4:50  Queen x2  
  48  4:51  Overlord x2  
  52  5:01  Baneling x5  
  52  5:10  Baneling  
  52  5:11  Baneling x2  
  44  5:55  Queen  
  48  5:58  Lair  
  48  6:00  Zergling x4  
  48  6:01  Baneling Nest, Zergling x20  
  56  6:37  Drone  
  56  6:38  Drone x6  
  63  6:51  Spore Crawler  
  63  6:53  Spore Crawler  
  61  7:04  Drone x4  
  61  7:05  Drone  
  51  7:27  Queen x2  
  43  7:30  Zergling x10  
  46  7:49  Baneling x5  
  46  7:54  Spire, Extractor  
  46  7:55  Centrifical Hooks  
  44  7:59  Drone x3, Extractor  
  44  8:00  Zergling x4, Extractor  
  44  8:01  Zergling x2  
  45  8:25  Baneling  
  42  8:27  Baneling x2  
  42  8:28  Baneling  
  42  8:39  Queen x2  
  44  9:11  Mutalisk x4  
  48  9:21  Mutalisk  
  50  9:35  Mutalisk  
  50  9:36  Mutalisk  
  54  9:47  Mutalisk  
  54  9:50  Overlord x2  
  54  9:51  Zergling x16  
  54  9:52  Zergling x6  
  67  9:59  Overseer  
Show
View Real Time Build Order
Export as new Build Order

AdemStiner Zerg 

Build Orders: Hatch First 

Get SALT Encoding   

  12  0:03  Drone  
  13  0:12  Drone  
  14  0:17  Overlord  
  14  0:36  Drone x3  
  17  0:47  Drone  
  18  1:01  Drone, Hatchery  
  18  1:18  Spawning Pool  
  18  1:21  Extractor  
  16  1:28  Drone x2  
  18  1:37  Drone  
  19  1:50  Drone  
  20  2:08  Queen  
  20  2:15  Drone x3, Extractor  
  25  2:17  Queen  
  25  2:22  Spine Crawler  
  25  2:26  Overlord  
  25  2:27  Overlord  
  25  2:40  Roach Warren  
  25  2:42  Drone  
  25  2:45  Drone  
  26  3:02  Queen  
  28  3:06  Zergling x2  
  28  3:09  Zergling x2  
  30  3:21  Roach x2  
  30  3:22  Roach  
  30  3:25  Roach  
  38  3:44  Lair  
  36  3:57  Roach  
  36  3:58  Roach x3  
  42  4:27  Roach x2  
  44  4:33  Overlord x3  
  44  4:43  Glial Reconstitution  
  44  4:57  Burrow  
  44  5:00  Roach x3  
  44  5:01  Roach  
  52  6:09  Overseer  
  52  6:15  Drone x11  
  63  6:28  Roach x2  
  63  6:32  Drone  
  68  6:59  Overlord x5  
  66  7:19  Overseer  
  66  7:21  Overseer  
  56  7:28  Roach  
  56  7:29  Roach x7  
  72  7:30  Roach  
  72  7:36  Hydralisk Den  
  57  7:46  Roach x2  
  27  8:22  Hydralisk x6  
  27  8:23  Hydralisk x5  
  36  9:07  Hatchery  
  35  9:23  Hatchery  
Show
View Real Time Build Order
Export as new Build Order

OpuS Protoss - Winner!

Build Orders:  

Get SALT Encoding   

  12  0:01  Probe  
  13  0:13  Probe  
  14  0:25  Probe  
  14  0:28  Pylon  
  15  0:44  Probe  
  15  0:46  Gateway  
  16  0:52  Probe  
  16  0:56  Assimilator  
  17  0:59  Assimilator  
  17  1:00  Probe  
  18  1:14  Probe  
  19  1:25  Gateway  
  19  1:27  Probe  
  20  1:39  Probe  
  21  1:42  Pylon  
  21  1:46  Cybernetics Core  
  21  1:51  Probe  
  22  2:08  Zealot  
  24  2:11  Probe  
  25  2:19  Gateway, Probe  
  25  2:22  Twilight Council  
  25  2:25  Warp Gate  
  26  2:32  Stalker  
  28  2:44  Gateway  
  28  2:48  Charge  
  27  2:54  Pylon  
  27  3:05  Adept x2  
  31  3:15  Forge  
  31  3:18  Probe  
  31  3:26  Probe  
  32  3:28  Pylon  
  33  3:38  Protoss Ground Weapons Level 1  
  33  4:13  Zealot  
  33  4:14  Zealot x3  
  41  4:34  Stargate  
  41  4:44  Nexus  
  41  4:51  Pylon  
  41  5:01  Dark Shrine  
  41  5:09  Void Ray  
  29  5:37  Stalker  
  29  5:38  Stalker x2  
  35  5:49  Stalker  
  37  5:51  Void Ray  
  41  6:13  Dark Templar  
  41  6:16  Zealot  
  45  6:20  Zealot  
  47  6:30  Zealot  
  47  6:32  Void Ray  
  51  6:57  Zealot x2  
  49  7:18  Dark Templar  
  47  7:26  Zealot x3  
  49  7:32  Probe x2  
  51  7:44  Probe x2  
  51  7:51  Void Ray  
  57  7:56  Probe  
  50  8:15  Probe x2  
  48  8:33  Void Ray  
  52  8:35  Zealot x2  
  52  8:36  Zealot x2  
  60  8:45  Probe x2  
  50  8:57  Probe x2  
  48  9:07  Templar Archives  
  48  9:09  Probe x2  
  50  9:17  Zealot x4  
  58  9:27  Probe x2  
  60  9:39  Probe  
  60  9:40  Probe  
  60  9:43  Assimilator  
  62  9:46  Assimilator  
  62  9:48  Pylon  
Show
View Real Time Build Order
Export as new Build Order

Sketchaphone Zerg - Winner!

Build Orders: Pool First 

Get SALT Encoding   

  12  0:02  Drone  
  13  0:11  Drone  
  14  0:29  Spawning Pool  
  14  0:34  Drone  
  14  0:35  Extractor  
  13  0:44  Overlord  
  13  0:49  Drone  
  14  1:02  Drone x2  
  16  1:17  Drone  
  16  1:19  Zergling x2  
  16  1:20  Queen  
  19  1:50  Hatchery  
  18  1:57  Metabolic Boost  
  18  2:05  Drone  
  19  2:10  Drone x2  
  21  2:18  Overlord  
  21  2:32  Zergling x2  
  22  2:39  Drone  
  22  2:40  Evolution Chamber  
  22  2:41  Drone, Zergling x2  
  24  2:51  Zergling x2  
  25  3:02  Zergling x2  
  25  3:04  Drone  
  27  3:16  Zerg Melee Weapons Level 1  
  26  3:27  Zergling x2  
  26  3:28  Zergling x6  
  26  3:32  Overlord  
  30  3:35  Zergling x2  
  30  3:40  Drone  
  32  3:46  Drone  
  32  3:47  Zergling x4  
  32  3:48  Zergling x2  
  35  4:01  Drone  
  35  4:02  Drone  
  37  4:09  Drone  
  38  4:11  Zergling x6, Overlord  
  38  4:12  Overlord  
  36  4:32  Zergling x4  
  38  4:42  Zergling x10  
  38  4:44  Pneumatized Carapace  
  43  4:50  Evolution Chamber  
  42  5:00  Hatchery  
  42  5:07  Zergling x8  
  45  5:18  Zergling x10  
  33  5:56  Zergling x4  
  33  5:57  Zergling x8  
  38  6:01  Zerg Ground Armor Level 1  
  38  6:04  Lair, Extractor  
  34  6:09  Overlord  
  34  6:10  Zergling x2  
  35  6:16  Zergling x2  
  36  6:19  Queen, Zergling x4  
  36  6:20  Queen  
  36  6:24  Zergling x2  
  43  6:37  Roach Warren  
  43  6:40  Zergling x12  
  43  6:44  Zergling x2  
  43  6:45  Zergling x2  
  50  6:55  Zergling x4  
  50  7:00  Zergling x2  
  53  7:03  Zergling x8  
  55  7:21  Zergling x8  
  42  7:28  Zergling x6  
  41  7:33  Zergling x6  
  41  7:39  Zerg Melee Weapons Level 2  
  41  7:47  Zergling x4  
  43  7:57  Zergling x8  
  46  8:02  Zergling x4  
  47  8:07  Zergling x4  
  48  8:25  Zergling x2  
  48  8:26  Zergling x4  
  50  8:28  Zergling x8  
  50  8:31  Zergling x2  
  52  8:38  Drone x2  
  52  8:40  Zergling x2  
  47  8:56  Zergling x6  
  46  9:05  Zergling x12  
  46  9:08  Zergling x2  
  52  9:16  Drone, Infestation Pit  
  48  9:28  Drone  
  48  9:29  Overlord  
  48  9:30  Drone x3  
  52  9:34  Zergling x2  
  53  9:45  Overseer  
  53  9:59  Zergling x2  
  54  10:00  Zergling x18  
Tags
 
Add a new tag
Caveats
  • Supply blocks, unpowered buildings, or Contaminate may cause inaccurate times.
  • Supply counts are checked every 10 seconds.